 Dungeon Crawl Stone Soup version 0.28-a0-819-g6ef7baa362 (webtiles) character file.

Game seed: 10675366539007446821

2076 lawman0 the Magician (level 9, -1/62 HPs)
             Began as a Djinni Hedge Wizard on Nov 8, 2021.
             Was an Initiate of Gozag.
             Slain by a wight (10 damage)
             ... on level 6 of the Dungeon.
             The game lasted 00:13:37 (8970 turns).

lawman0 the Magician (Djinni Hedge Wizard)          Turns: 8970, Time: 00:13:38

Health: -1/62      AC:  8    Str: 10    XL:     9   Next: 51%
Gold:   498        EV:  9    Int: 19    God:    Gozag SH:  0 Dex: 18

rFire   + + .      SeeInvis .   i - staff of conjuration
rCold   . . .      Faith    .   (no shield)
rNeg    . . .      Spirit   .   e - +1 scale mail {rC+}
rPois   ∞          Reflect  .   c - +0 hat
rElec   .          Harm     .   (no cloak)
rCorr   .          Rampage  .   (no gloves)
Will    .....                   (boots unavailable)
Stlth   +.........              (no amulet)
HPRegen 0.20/turn               j - +6 ring of dexterity
MPRegen 0.00/turn               (no ring)

@: about to teleport, flying
A: sickness immunity, fire resistance 2, cold vulnerability 1, float, innate
caster, hp casting, extra vitality 1
a: Renounce Religion, Potion Petition, Call Merchant, Bribe Branch


You were on level 6 of the Dungeon.
You worshipped Gozag.
Gozag was aware of your devotion.
You visited 2 branches of the dungeon, and saw 7 of its levels.
You also visited: Ossuary.

You collected 652 gold pieces.
You spent 80 gold pieces at shops.
You paid 74 gold pieces to Gozag.

Inventory:

Hand Weapons
 a - a +0 dagger of electrocution
Armour
 c - a +0 hat (worn)
 e - a +1 scale mail of cold resistance (worn)
Magical Staves
 i - a staff of conjuration (weapon)
Jewellery
 j - a +6 ring of dexterity (left hand)
Wands
 b - a wand of paralysis (1)
Scrolls
 h - a scroll of enchant weapon
 l - a scroll of vulnerability
 p - a scroll of magic mapping {unknown}
 q - a scroll of acquirement {unknown}
 r - a scroll of teleportation
 u - a scroll of immolation {unknown}
Potions
 d - 5 potions of curing
 f - a potion of magic {unknown}
 g - 2 potions of attraction {unknown}
 k - a potion of flight {unknown}
 m - a potion of haste {unknown}
 n - 2 potions of lignification
 o - 2 potions of might
 s - 2 potions of heal wounds {unknown}
 t - a potion of mutation {unknown}


   Skills:
 * Level 3.9 Fighting
 + Level 1.1 Staves
 + Level 4.7 Armour
 + Level 2.8 Dodging
 + Level 2.0 Stealth
 * Level 7.8 Spellcasting


You had 2 spell levels left.
You knew the following spells:

 Your Spells              Type           Power      Damage    Failure   Level
a - Magic Dart            Conj           100%       1d8       2%          1
b - Blink                 Tloc           74%        N/A       3%          2
c - Call Imp              Summ           37%        N/A       3%          2
d - Slow                  Hex            100%       N/A       2%          1
e - Conjure Flame         Conj/Fire      54%        6-21      7%          3
f - Mephitic Cloud        Conj/Pois/Air  54%        N/A       7%          3
g - Shock                 Conj/Air       100%       1d9       2%          1
h - Corpse Rot            Necr/Air       74%        N/A       3%          2
i - Lesser Beckoning      Tloc           37%        N/A       7%          3
j - Ozocubu's Armour      Ice            37%        N/A       7%          3
Your spell library was empty.

Dungeon Overview and Level Annotations

Branches:
Dungeon (6/15)             Temple (1/1) D:5         Ossuary (visited)

Altars:
Ashenzari
Cheibriados
Dithmenos
Elyvilon
Fedhas
Gozag
Kikubaaqudgha
Makhleb
Nemelex Xobeh
Okawaru
Qazlal
Ru
Sif Muna
Trog
Uskayaw
Wu Jian
Xom
Yredelemnul
Zin
The Shining One

Shops:
D:3 !


Innate Abilities, Weirdness & Mutations

You are immune to sickness and miasma.
You are immune to poison.
Your flesh is very heat resistant. (rF++)
You are vulnerable to cold. (rC-)
You float through the air rather than walking.
You learn spells naturally, not from books.
Your magical power is your life essence.
You have superior vitality. (+4 HP)


Message History

Casting: Shock (safe; 2% risk of failure)
Confirm with . or Enter, or press ? or * to list all spells.
Aiming: Shock (safe; 2% risk of failure)
Press: ? - help, Shift-Dir - straight line, f/p - ogre
Aim: an ogre, wielding a +0 giant spiked club (moderately wounded, confused, 98% to hit)
You feel a surge of power!
The zap hits the ogre.
The ogre is heavily wounded.
Casting: Shock (safe; 2% risk of failure)
Confirm with . or Enter, or press ? or * to list all spells.
Aiming: Shock (safe; 2% risk of failure)
Press: ? - help, Shift-Dir - straight line, f/p - ogre
Aim: an ogre, wielding a +0 giant spiked club (heavily wounded, confused, 98% to hit)
You feel a surge of power!
The zap hits the ogre.
The ogre is heavily wounded.
The zap hits the rat zombie.
The rat zombie is moderately damaged.
The ogre closely misses you.
Unknown command.
Unknown command.
The ogre barely misses you.
Unknown command.
The ogre seems less confused.
A wight comes into view.
It is wielding a +3 trident of freezing.
A wight comes into view. It is wielding a +5 dagger.
The wight moves out of view.
As you read the scroll of teleportation, it crumbles to dust.
You feel strangely unstable.
A wight comes into view. It is wielding a +4 falchion.
The wight hits you from afar with a +3 trident of freezing!
* * * LOW HITPOINT WARNING * * *
The wight freezes you.
* * * LOW HITPOINT WARNING * * *
The wight hits you with a +5 dagger.
* * * LOW HITPOINT WARNING * * *
The wight hits you but does no damage. The wight hits you with a +5 dagger!
* * * LOW HITPOINT WARNING * * *
A centaur comes into view.
The wight hits you from afar with a +3 trident of freezing!
You die...
Your body crumbles into a pile of gold.

..# ..# ... .## c. .# ..
..# ##### ##. ..# #...# #..
..# #.#.### #.# .## ..#
#.#...######.# ..# ..#
#......Z...#@# #.## .#
#..#######O..###..#####
#####..#..Z..#.zz#.....(..#
#[...#..Z..#............#
....##Z#.#O#.#..##..z.>...#
#### #.#.#.#.#..##........#
#.###.###..##........#
#..$......#####.#.####
#..######## #.#..#


You could see an ogre, a centaur and 2 wights.

Vanquished Creatures
  Pikel (D:4)
  Sigmund (D:4)
  Menkaure (D:4)
  2 necrophages
  2 phantoms
  3 lemures (D:4)
  4 bullfrogs
  2 scorpions
  A bullfrog zombie (D:3)
  An orc priest (D:4)
  2 hounds
  A centaur skeleton (D:5)
  Jessica (D:3)
  3 iguanas
  Ijyb (D:3)
  An orc wizard (D:5)
  A scorpion zombie (D:5)
  8 mummies (Ossuary)
  A hound zombie (D:5)
  A hound skeleton (D:4)
  7 gnolls
  6 adders
  An adder skeleton (D:4)
  2 worms (D:3)
  3 dart slugs
  11 orcs
  7 ball pythons
  7 bats
  5 endoplasms
  3 giant cockroaches
  3 gnoll zombies (Ossuary)
  2 goblins
  4 hobgoblins
  5 kobolds
  A quokka (D:3)
  2 frilled lizards
  2 hobgoblin zombies (Ossuary)
  A kobold zombie (Ossuary)
  2 orc zombies (Ossuary)
  A rat (D:3)
113 creatures vanquished.

Notes
Turn   | Place    | Note
-------+----------+-------------------------------------------
     0 | D:1      | lawman0 the Djinni Hedge Wizard began the quest for the
                  | Orb.
     0 | D:1      | Reached XP level 1. HP: 15/15 MP: 0/0
   477 | D:1      | Reached XP level 2. HP: 13/21 MP: 0/0
  1190 | D:1      | Reached skill level 3 in Spellcasting
  1548 | D:1      | Reached XP level 3. HP: 22/25 MP: 0/0
  1548 | D:1      | Learned a level 1 spell: Shock
  1595 | D:1      | Found a faded altar of an unknown god.
  3208 | D:3      | Noticed Jessica
  3222 | D:3      | Killed Jessica
  3223 | D:3      | Reached XP level 4. HP: 20/31 MP: 0/0
  3510 | D:3      | Noticed Ijyb
  3832 | D:3      | Paralysed by Ijyb for 3 turns
  3838 | D:3      | Paralysed by Ijyb for 2 turns
  3846 | D:3      | Paralysed by Ijyb for 4 turns
  3850 | D:3      | Killed Ijyb
  3851 | D:3      | Reached skill level 1 in Fighting
  3851 | D:3      | Reached skill level 1 in Armour
  3851 | D:3      | Reached XP level 5. HP: 17/37 MP: 0/0
  3851 | D:3      | Learned a level 2 spell: Corpse Rot
  3999 | D:3      | Reached skill level 4 in Spellcasting
  4443 | D:3      | Reached XP level 6. HP: 38/42 MP: 0/0
  4559 | D:3      | Found Vadasyin's Distillery.
  4592 | D:3      | Bought a potion of degeneration for 10 gold pieces
  4592 | D:3      | Bought a potion of lignification for 30 gold pieces
  4592 | D:3      | Bought a potion of might for 40 gold pieces
  5179 | D:4      | Noticed Menkaure
  5185 | D:4      | Killed Menkaure
  5186 | D:4      | Reached skill level 5 in Spellcasting
  5186 | D:4      | Reached XP level 7. HP: 15/48 MP: 0/0
  5186 | D:4      | Learned a level 3 spell: Lesser Beckoning
  5643 | D:4      | Noticed Sigmund
  5668 | D:4      | Killed Sigmund
  5957 | D:4      | Reached XP level 8. HP: 50/55 MP: 0/0
  6354 | D:4      | Noticed Pikel
  6378 | D:4      | Killed Pikel
  6379 | D:4      | Reached skill level 6 in Spellcasting
  6768 | D:5      | Entered Level 5 of the Dungeon
  7025 | D:5      | Found a staircase to the Ecumenical Temple.
  7035 | Temple   | Entered the Ecumenical Temple
  7460 | Temple   | Became a worshipper of Gozag Ym Sagoz the Greedy
  7489 | D:5      | Found a shadowy altar of Dithmenos.
  7494 | D:5      | Found an ornate altar of the Wu Jian Council.
  7500 | D:5      | Reached XP level 9. HP: 57/61 MP: 0/0
  7500 | D:5      | Learned a level 3 spell: Ozocubu's Armour
  7558 | D:5      | Reached skill level 7 in Spellcasting
  7970 | D:6      | Reached skill level 1 in Staves
  8359 | D:6      | Found a sand-covered staircase.
  8366 | Ossuary  | Entered an ossuary
  8970 | D:6      | Slain by a wight

Illustrated notes

Levels and vault maps discovered:
D:1:      arrival_zaba_pyramid, layout_basic, chequers_ecumenical_altar_island
D:2:      layout_basic
D:3:      layout_loops_ring, serial_shops, shop, uniq_jessica, uniq_ijyb
D:4:      layout_loops_corners, uniq_menkaure, uniq_sigmund, uniq_pikel
D:5:      layout_rooms, mainiacjoe_overflow_small_starburst,
          lemuel_doored_altar, minmay_temple_entry_statues_fountains
D:6:      layout_rooms, enter_ossuary_4, st_stairs_4, nrook_mini_backslash
Temple:   regret_index_temple_mists

Skill      XL: |  1  2  3  4  5  6  7  8  9 |
---------------+----------------------------+-----
Spellcasting   | 3 4 5 6 7 |  7.8
Fighting       | 1 2 3 |  3.9
Armour         | 1 2 3 4 |  4.7
Stealth        | 2 |  2.0
Staves         | 1 |  1.1
Dodging        | |  2.8

Action                   |  1- 3 |  4- 6 |  7- 9 || total
-------------------------+-------+-------+-------++-------
Melee: Dagger            |    15 |       |       ||    15
       Staff             |     3 |     1 |    44 ||    48
 Cast: Magic Dart        |    43 |    12 |    16 ||    71
       Shock             |    17 |    65 |   160 ||   242
       Call Imp          |       |     1 |       ||     1
       Mephitic Cloud    |       |       |     2 ||     2
       Ozocubu's Armour  |       |       |     4 ||     4
       Conjure Flame     |       |       |     1 ||     1
       Blink             |       |       |     1 ||     1
  Use: Scroll            |     2 |     2 |     4 ||     8
Armor: Scale mail        |    21 |    16 |    51 ||    88
Dodge: Dodged            |    17 |    13 |    56 ||    86

Table legend: (Time is in decaauts)
 A = Elapsed time spent in this place.
 B = Non-inter-level travel time spent in this place.
 C = Inter-level travel time spent in this place.
 D = Time resting spent in this place.
 E = Time spent auto-exploring this place.
 F = Levels seen in this place.
 G = Mean time per level.
                   A        B        C        D        E       F      G
               +--------+--------+--------+--------+--------+-----+--------+
         Total |   8981 |   8730 |    251 |   1746 |   5619 |   8 | 1122.6 |
       Dungeon |   7969 |   7726 |    243 |   1467 |   5282 |   6 | 1328.2 |
        Temple |    434 |    426 |      8 |      0 |    122 |   1 |  434.0 |
       Ossuary |    576 |    576 |      0 |    279 |    215 |   1 |  576.0 |
               +--------+--------+--------+--------+--------+-----+--------+

Top non-repeatable levels by time:
     D:1: 2046 daAuts
     D:4: 1989 daAuts
     D:3: 1460 daAuts
     D:2: 1385 daAuts
     D:5: 662 daAuts
 Ossuary: 576 daAuts
  Temple: 434 daAuts
     D:6: 426 daAuts
